 Dungeon Crawl Stone Soup version 0.21.1-1-g345015f (webtiles) character file.

2772 HandsomeConkers the Fighter (level 9, 0/127 HPs)
             Began as a Minotaur Berserker on June 28, 2018.
             Was an Elder of Trog.
             Succumbed to a killer bee's poison
             ... on level 7 of the Dungeon.
             The game lasted 00:35:26 (7196 turns).

HandsomeConkers the Fighter (Minotaur Berserker)    Turns: 7196, Time: 00:35:27

Health: 0/127      AC: 10    Str: 30    XL:     9   Next: 42%
Magic:  8/8        EV: 10    Int:  4    God:    Trog [****..]
Gold:   379        SH:  3    Dex: 10    Spells: 8/8 levels left

rFire    . . .     SeeInvis .   q - +4 dagger
rCold    . . .     Gourm    .   l - +0 buckler
rNeg     . . .     Faith    .   e - +0 chain mail
rPois    .         Spirit   .   (helmet restricted)
rElec    .         Reflect  .   (no cloak)
rCorr    .         Harm     .   (no gloves)
MR       .....                  (no boots)
Stlth    ..........             x - amulet of regeneration
HPRegen  0.71/turn              (no ring)
MPRegen  0.11/turn              (no ring)

@: berserking (expiring), lethally poisoned (0 -> -9), very quick
A: retaliatory headbutt, horns 2
a: Berserk, Trog's Hand, Brothers in Arms, Burn Spellbooks, Renounce Religion


You were on level 7 of the Dungeon.
You worshipped Trog.
Trog was greatly pleased with you.
You were very hungry.

You visited 1 branch of the dungeon, and saw 7 of its levels.

You collected 379 gold pieces.

Inventory:

Hand Weapons
 a - a +0 falchion
 o - a +1 whip of freezing
 q - a +4 dagger (weapon)
 r - a +4 quarterstaff of chaos
 t - a +0 shortbow
 y - a +0 scythe
Missiles
 d - 27 poisoned needles
 v - 143 stones (quivered)
 E - 20 arrows
Armour
 b - a +0 animal skin
 e - a +0 chain mail (worn)
 l - a +0 buckler (worn)
 m - a +0 ring mail
 s - a +0 cloak
 K - a +0 scale mail
 T - a +0 leather armour of cold resistance
Jewellery
 x - an amulet of regeneration (around neck)
 C - an uncursed amulet of regeneration
 D - an uncursed amulet of rage {unknown}
Wands
 g - a wand of iceblast (9)
 n - a wand of acid (3)
Scrolls
 i - a scroll of blinking {unknown}
 k - 2 scrolls of remove curse
 w - a scroll of vulnerability {unknown}
 A - 2 scrolls of noise {unknown}
 B - a scroll of immolation {unknown}
 I - a scroll of fear {unknown}
 J - 2 scrolls of identify
 M - a scroll of teleportation
 S - a scroll of amnesia {unknown}
Potions
 f - 2 potions of mutation {unknown}
 h - a potion of ambrosia {unknown}
 j - a potion of heal wounds {unknown}
 p - a potion of lignification {unknown}
 u - 2 potions of haste {unknown}
 z - 2 potions of brilliance {unknown}
 F - a potion of agility {unknown}
 N - a potion of invisibility {unknown}
 R - a potion of flight {unknown}
Comestibles
 c - 14 rations
 G - 4 chunks of flesh


   Skills:
 * Level 9.7 Fighting
 * Level 5.3(6.9) Short Blades
 + Level 7.4(8.3) Long Blades
 + Level 6.8 Armour
 + Level 6.3 Dodging


You had 8 spell levels left.
You didn't know any spells.

Dungeon Overview and Level Annotations

Branches:
Dungeon (7/15)             Temple (0/1) D:5

Altars:
Nemelex Xobeh

Shops:
D:6 :


Innate Abilities, Weirdness & Mutations

You reflexively headbutt those who attack you in melee.
You have a pair of horns on your head.


Message History

* * * LOW HITPOINT WARNING * * *
The killer bee stings you.
* * * LOW HITPOINT WARNING * * *
You are more poisoned.
The killer bee poisons you! The killer bee closely misses you.
You are too berserk!
You feel a strong urge to attack something.
* * * LOW HITPOINT WARNING * * *
You feel sick. The killer bee closely misses you. You furiously retaliate!
You headbutt the killer bee!
You kill the killer bee!
Trog accepts your kill. The killer bee misses you.
The centaur barely misses you. You furiously retaliate!
You headbutt the centaur!
You kill the centaur!
Trog accepts your kill. The killer bee barely misses you.
The killer bee stings you but does no damage.
You are too berserk!
You die...

.. .### ...
..#
##########.###
.......yy)...#
##.......@.#
.......y(.<#
##.#####..##
.....# ###...#
.....?
##.#...#
....#.#
...###.#


You could see 3 killer bees.

Vanquished Creatures
  Pikel (D:5)
  Grinder (D:4)
  Eustachio (D:4)
  Duvessa (D:6)
  2 slaves (D:6)
  An orc warrior (D:3)
  A necrophage (D:2)
  2 sky beasts (D:6)
  2 centaurs
  4 ogres (D:6)
  A bullfrog (D:6)
  Blork the orc (D:4)
  Dowan (D:6)
  A scorpion (D:4)
  A killer bee (D:7)
  2 crimson imps (D:5)
  A bullfrog zombie (D:6)
  2 hounds
  3 orc priests
  2 orc wizards
  4 jellies
  Crazy Yiuf (D:2)
  A bullfrog skeleton (D:4)
  2 iguanas
  Ijyb (D:3)
  Natasha (D:2)
  4 worker ants
  Robin (D:2)
  8 adders
  A shadow imp (D:6)
  An ooze (D:5)
  3 worms
  5 dart slugs
  3 leopard geckos
  16 orcs
  A ball python (D:5)
  7 giant cockroaches
  16 goblins
  11 hobgoblins
  5 jackals
  A quokka (D:4)
  4 bats
  8 frilled lizards
  8 kobolds
  2 leopard gecko skeletons
  A leopard gecko zombie (D:4)
  A quokka skeleton (D:5)
  6 rats
154 creatures vanquished.

Vanquished Creatures (others)
  Sigmund (D:6)
  A slave (D:6)
  A hound (D:6)
  A giant cockroach (D:6)
4 creatures vanquished.

Grand Total: 158 creatures vanquished

Notes
Turn   | Place    | Note
-------+----------+-------------------------------------------
     0 | D:1      | HandsomeConkers the Minotaur Berserker began the quest for the Orb.
     0 | D:1      | Reached XP level 1. HP: 19/19 MP: 0/0
   165 | D:1      | Reached XP level 2. HP: 19/27 MP: 1/1
   348 | D:1      | Reached skill level 4 in Fighting
   506 | D:1      | Reached XP level 3. HP: 24/33 MP: 2/2
   581 | D:1      | Reached ** piety under Trog
  1643 | D:2      | Found a runed door.
  1647 | D:2      | Noticed Crazy Yiuf
  1655 | D:2      | Killed Crazy Yiuf
  1877 | D:2      | Reached XP level 4. HP: 29/40 MP: 3/3
  2058 | D:2      | Noticed Robin
  2069 | D:2      | Killed Robin
  2428 | D:2      | Reached skill level 1 in Short Blades
  2448 | D:2      | Reached XP level 5. HP: 38/47 MP: 4/4
  2469 | D:2      | Noticed Natasha
  2476 | D:2      | Killed Natasha
  2556 | D:2      | Noticed a necrophage
  2563 | D:2      | Killed a necrophage
  2563 | D:2      | Reached skill level 5 in Fighting
  2577 | D:2      | Reached XP level 6. HP: 16/56 MP: 5/5
  3057 | D:3      | Reached *** piety under Trog
  3190 | D:3      | Reached skill level 5 in Long Blades
  3601 | D:3      | Noticed an orc warrior
  3603 | D:3      | Noticed Ijyb
  3624 | D:3      | Killed an orc warrior
  3624 | D:3      | Reached skill level 6 in Fighting
  3628 | D:3      | Killed Ijyb
  3628 | D:3      | Reached XP level 7. HP: 4/63 MP: 6/6
  4299 | D:4      | Noticed Eustachio
  4300 | D:4      | Noticed Blork the orc
  4314 | D:4      | Noticed Grinder
  4314 | D:4      | Killed Blork the orc
  4324 | D:4      | Killed Grinder
  4324 | D:4      | Reached skill level 7 in Fighting
  4324 | D:4      | Reached skill level 5 in Armour
  4387 | D:4      | Killed Eustachio
  4387 | D:4      | Reached XP level 8. HP: 58/73 MP: 7/7
  4388 | D:4      | Found a sparkling altar of Nemelex Xobeh.
  4414 | D:4      | Reached **** piety under Trog
  4675 | D:4      | Reached skill level 5 in Dodging
  5060 | D:5      | Entered Level 5 of the Dungeon
  5211 | D:5      | Found a staircase to the Ecumenical Temple.
  5718 | D:5      | Reached skill level 8 in Fighting
  5983 | D:6      | Noticed Pikel
  6026 | D:5      | Killed Pikel
  6269 | D:6      | Noticed Sigmund
  6271 | D:6      | Found Razoaw's Book Emporium.
  6306 | D:6      | Killed Sigmund
  6696 | D:6      | Noticed Dowan
  6697 | D:6      | Noticed Duvessa
  6698 | D:6      | Killed Dowan
  6698 | D:6      | Reached XP level 9. HP: 82/82 MP: 8/8
  6712 | D:6      | Killed Duvessa
  6712 | D:6      | Reached skill level 9 in Fighting
  7014 | D:6      | Reached skill level 5 in Short Blades
  7194 | D:7      | HP: 6/126 [killer bee (1)]
  7194 | D:7      | HP: 2/126 [killer bee (2)]
  7196 | D:7      | Succumbed to a killer bee's poison

Skill      XL: |  1  2  3  4  5  6  7  8  9 |
---------------+----------------------------+-----
Fighting       | 4 5 6 7 8 9 |  9.7
Long Blades    | 4 5 6 7 |  7.4
Armour         | 3 4 5 6 |  6.8
Dodging        | 3 4 5 6 |  6.3
Short Blades   | 1 2 3 4 5 |  5.3

Action                   |  1- 3 |  4- 6 |  7- 9 || total
-------------------------+-------+-------+-------++-------
Melee: Falchion          |    47 |       |       ||    47
       Headbutt          |    10 |    21 |    58 ||    89
       Dagger            |     4 |   163 |   228 ||   395
Invok: Berserk           |       |       |     4 ||     4
       Trog's Hand       |       |       |     2 ||     2
       Brothers in Arms  |       |       |     1 ||     1
  Use: Scroll            |     4 |     4 |     3 ||    11
       Potion            |     1 |     5 |     2 ||     8
 Stab: Sleeping          |     1 |     2 |       ||     3
       Distracted        |       |       |     1 ||     1
  Eat: Ration            |     1 |       |     2 ||     3
       Chunk             |       |     5 |     8 ||    13
Armor: Animal skin       |     7 |     9 |    12 ||    28
       Chain mail        |       |       |    48 ||    48
Dodge: Dodged            |    25 |    88 |   105 ||   218
Block: Buckler           |       |    29 |    24 ||    53
       Rpst.: Falchion   |     7 |       |       ||     7
